 Dungeon Crawl Stone Soup version 0.30-a0-778-g2ef04afb54 (webtiles) character file.

Game seed: 1557582742320193714

165 funkygono the Firebug (level 5, -1/28 HPs)
             Began as a Gargoyle Fire Elementalist on Feb 15, 2023.
             Slain by a gnoll
             ... wielding a +0 spear
              (5 damage)
             ... on level 3 of the Dungeon.
             The game lasted 00:04:07 (2409 turns).

funkygono the Firebug (Gargoyle Fire Elementalist)  Turns: 2409, Time: 00:04:08

Health: -1/28      AC:  9    Str: 12    XL:     5   Next: 46%
Magic:  0/9        EV: 12    Int: 17    God:
Gold:   221        SH:  0    Dex: 10    Spells: 0/10 levels left

rFire   . . .      SeeInvis .    a - +0 mace
rCold   . . .      Faith    .    (no shield)
rNeg    + . .      Spirit   .    p - +0 robe {Will+}
rPois   ∞          Reflect  .    u - +1 helmet
rElec   +          Harm     .    (no cloak)
rCorr   .          Rampage  .    d - +0 pair of gloves
Will    +....                    (no boots)
Stlth   ++                       (no amulet)
HPRegen 0.24/turn                g - +4 ring of slaying
MPRegen 0.11/turn                (no ring)

@: no status effects
A: sickness immunity, AC +4, negative energy resistance 1, electricity
resistance, torment resistance 1, petrification resistance
a: no special abilities


You were on level 3 of the Dungeon.
You visited 1 branch of the dungeon, and saw 3 of its levels.

You collected 221 gold pieces.

Inventory:

Hand Weapons
 a - a +0 mace (weapon)
Armour
 d - a +0 pair of gloves (worn)
 j - a +0 leather armour
 p - a +0 robe of willpower (worn)
 u - a +1 helmet (worn)
Magical Staves
 s - a staff of poison
Jewellery
 g - a +4 ring of slaying (left hand)
 y - a +6 ring of dexterity
Wands
 m - a wand of digging (8)
Scrolls
 c - a scroll of vulnerability {unknown}
 f - a scroll of enchant armour {unknown}
 h - a scroll of silence {unknown}
 l - 3 scrolls of identify {unknown}
 n - a scroll of summoning {unknown}
 r - a scroll of fear {unknown}
 v - a scroll of fog {unknown}
 w - a scroll of noise {unknown}
 x - 2 scrolls of poison {unknown}
 z - a scroll of blinking {unknown}
Potions
 b - a potion of magic
 e - 3 potions of curing {unknown}
 i - a potion of attraction {unknown}
 k - 2 potions of degeneration {unknown}
 o - a potion of flight {unknown}
 q - a potion of heal wounds {unknown}
 t - a potion of mutation {unknown}


   Skills:
 + Level 0.1 Fighting
 + Level 2.2 Dodging
 - Level 2.1 Stealth
 + Level 3.1 Spellcasting
 + Level 2.7 Conjurations
 + Level 4.1 Fire Magic


You couldn't memorise any spells.
You knew the following spells:

 Your Spells              Type           Power      Damage    Failure   Level
a - Foxfire               Conj/Fire      56%        2x1d6     4%          1
b - Scorch                Fire           32%        2d6       4%          2
c - Kindle Blastsparks    Fire/Tloc/Air  14%        2d11      28%         3
d - Flame Wave            Conj/Fire      14%        2d6       38%         4

Your spell library contained the following spells:

 Spells                   Type           Power      Damage    Failure   Level
 Inner Flame              Hex/Fire       9%         N/A       22%         3


Dungeon Overview and Level Annotations

Branches:
Dungeon (3/15)

Altars:
Ashenzari
Yredelemnul

Shops:
D:1 [

Annotations:
D:3 1 runed translucent door


Innate Abilities, Weirdness & Mutations

You are immune to sickness and miasma.
Your stone body is resilient. (AC +4)
You are immune to poison.
You resist negative energy. (rN+)
You are resistant to electric shocks. (rElec)
You are resistant to unholy torment.
You are immune to petrification.


Message History

Unknown command.
You struggle against the net.
The foxfire hits the gnoll.
The gnoll is burned terribly!
The gnoll is severely wounded.
You struggle against the net.
The gnoll is no longer more vulnerable to fire.
Casting: Foxfire (safe; 4% risk of failure)
Confirm with . or Enter, or press ? or * to list all spells.
There is not enough space to conjure foxfire!
Casting: Foxfire (safe; 4% risk of failure)
Confirm with . or Enter, or press ? or * to list all spells.
Flames lash the gnoll.
The gnoll is severely wounded.
The gnoll's fire resistance burns away.
The gnoll barely misses you. The gnoll hits you with a +0 club.
The gnoll hits you but does no damage.
Unknown command.
Casting: Scorch (safe; 4% risk of failure)
Confirm with . or Enter, or press ? or * to list all spells.
You don't have enough magic to cast this spell.
You struggle against the net.
The gnoll closely misses you. The gnoll hits you with a +0 club.
The gnoll hits you from afar with a +0 spear.
You shred the net and break free! The gnoll hits you with a +0 flail!
The gnoll closely misses you.
The gnoll hits you from afar with a +0 spear.
You sock the gnoll!
You kill the gnoll!
The gnoll is no longer more vulnerable to fire.
The gnoll hits you but does no damage. The gnoll completely misses you.
The gnoll barely misses you.
You thump the gnoll!
The gnoll is severely wounded.
The gnoll hits you with a +0 club.
* * * LOW HITPOINT WARNING * * *
The gnoll hits you from afar with a +0 spear.
* * * LOW HITPOINT WARNING * * *
You hit the gnoll but do no damage.
The gnoll is severely wounded.
The gnoll hits you from afar with a +0 spear.
You die...

#.# #....#
.## #...##
##.## .#
##.## ...#
.# #.# ...
.# #.# ...
.# #.# #.#
.# #.# #g#
.# #.#
###.# .#
#.# #.g@#
.# #.#
#.###
.#######.#
#.#
.........#
#.#
####..P).#
#.#
##....#
#.# #._..#
#.# #....#
#.# #.P.##
#.###


You could see 2 gnolls.

Vanquished Creatures
  A hound (D:3)
  Jessica (D:2)
  Robin (D:2)
  2 gnolls (D:3)
  2 adders
  A dart slug (D:2)
  An orc (D:3)
  7 endoplasms
  5 giant cockroaches
  10 goblins
  5 hobgoblins
  3 kobolds
  2 quokkas (D:2)
  2 ball pythons
  4 bats
  4 frilled lizards
  2 goblin skeletons (D:3)
  A jackal skeleton (D:3)
  A kobold zombie (D:3)
  2 rats
57 creatures vanquished.

Vanquished Creatures (others)
  165 foxfires
165 creatures vanquished.

Grand Total: 222 creatures vanquished

Notes
Turn   | Place    | Note
-------+----------+-------------------------------------------
     0 | D:1      | funkygono the Gargoyle Fire Elementalist began the quest
                  | for the Orb.
     0 | D:1      | Reached XP level 1. HP: 10/10 MP: 3/3
   125 | D:1      | Found a faded altar of an unknown god.
   234 | D:1      | Reached XP level 2. HP: 7/15 MP: 0/5
   379 | D:1      | Learned a level 2 spell: Scorch
   536 | D:1      | Found Koimp's Antique Armour Boutique.
   858 | D:2      | Reached XP level 3. HP: 19/19 MP: 3/6
   862 | D:2      | Learned a level 3 spell: Kindle Blastsparks
  1067 | D:2      | Noticed Jessica
  1108 | D:2      | Killed Jessica
  1109 | D:2      | Reached XP level 4. HP: 24/24 MP: 3/7
  1314 | D:2      | Noticed Robin
  1338 | D:2      | Killed Robin
  1935 | D:3      | Reached skill level 4 in Fire Magic
  1935 | D:3      | Reached XP level 5. HP: 28/28 MP: 6/9
  1940 | D:3      | Learned a level 4 spell: Flame Wave
  2009 | D:3      | Found a broken altar of Ashenzari.
  2197 | D:3      | Found a runed translucent door.
  2198 | D:3      | Noticed a human
  2264 | D:3      | Found a basalt altar of Yredelemnul.
  2409 | D:3      | Slain by a gnoll

Illustrated notes

Levels and vault maps discovered:
D:1:      saegor_arrival_miasma, layout_basic, serial_shops,
          nicolae_shop_hallway_stairs,
          dreamdust_ecumenical_altar_angels_and_demons, minmay_statues_item
D:2:      layout_rooms, minmay_heptomino_w4, uniq_jessica, uniq_robin
D:3:      layout_loops_ring, dk_yredelemnul_ordeal,
          mainiacjoe_overflow_tiny_flanked, dk_noncrumbling_3

Skill      XL: |  1  2  3  4 |
---------------+-------------+-----
Dodging        | 2 |  2.2
Conjurations   | 2 |  2.7
Spellcasting   | 3 |  3.1
Fire Magic     | 4 |  4.1
Fighting       | |  0.1
Stealth        | |  2.1

Action                     |  1- 3 |  4- 6 || total
---------------------------+-------+-------++-------
  Melee: Unarmed           |     4 |       ||     4
         Club              |     5 |       ||     5
         Mace              |     1 |     7 ||     8
   Cast: Foxfire           |    43 |    51 ||    94
         Scorch            |       |     7 ||     7
 Armour: Robe              |    39 |     6 ||    45
  Dodge: Dodged            |    66 |    11 ||    77

Table legend: (Time is in decaauts)
 A = Elapsed time spent in this place.
 B = Non-inter-level travel time spent in this place.
 C = Inter-level travel time spent in this place.
 D = Time resting spent in this place.
 E = Time spent auto-exploring this place.
 F = Levels seen in this place.
 G = Mean time per level.
                   A        B        C        D        E       F      G
               +--------+--------+--------+--------+--------+-----+--------+
         Total |   2412 |   2363 |     49 |     50 |   1714 |   3 |  804.0 |
       Dungeon |   2412 |   2363 |     49 |     50 |   1714 |   3 |  804.0 |
               +--------+--------+--------+--------+--------+-----+--------+

Top non-repeatable levels by time:
     D:2: 843 daAuts
     D:1: 815 daAuts
     D:3: 754 daAuts
